 Dungeon Crawl Stone Soup version 0.27.1-3-gb3d3a73c9e (webtiles) character file.

Game seed: 8760719926058986411

352 styxcanada the Covert (level 6, -2/27 (31) HPs)
             Began as a Spriggan Brigand on Oct 29, 2021.
             Slain by a wight (5 damage)
             ... on level 4 of the Dungeon.
             The game lasted 00:17:02 (3581 turns).

styxcanada the Covert (Spriggan Brigand)            Turns: 3581, Time: 00:17:03

HP:   -2/27 (31)    AC:  4    Str:  7    XL:     6   Next: 35%
MP:   7/7           EV: 18    Int: 13    God:
Gold: 86            SH:  0    Dex: 18    Spells: 5/5 levels left

rFire    . . .     SeeInvis +   a - +2 dagger
rCold    . . .     Faith    .   (shield restricted)
rNeg     . . .     Spirit   .   b - +0 robe
rPois    .         Reflect  .   f - +1 hat
rElec    .         Harm     .   c - +0 cloak
rCorr    .         Rampage  .   (gloves unavailable)
Will     +....                  (boots unavailable)
Stlth    ++++......             (no amulet)
HPRegen  0.09/turn              (no ring)
MPRegen  0.10/turn              (no ring)

@: heavily drained, very quick
A: very small, no large weapons, unfitting armour, see invisible, speed 3
a: no special abilities


You were on level 4 of the Dungeon.
You visited 1 branch of the dungeon, and saw 4 of its levels.

You collected 86 gold pieces.

Inventory:

Hand Weapons
 a - a +2 dagger (weapon)
 d - a +3 scimitar of freezing
Missiles
 e - a curare-tipped dart (quivered)
 l - 35 stones
Armour
 b - a +0 robe (worn)
 c - a +0 cloak (worn)
 f - a +1 hat (worn)
Wands
 q - a wand of iceblast (9)
Scrolls
 m - a scroll of teleportation
Potions
 g - a potion of resistance
 h - a potion of lignification
 i - a potion of haste
 j - a potion of invisibility {unknown}
 k - a potion of attraction {unknown}
 o - a potion of curing {unknown}
 p - 2 potions of might {unknown}
 r - a potion of heal wounds {unknown}
 s - a potion of flight {unknown}


   Skills:
 * Level 2.3 Fighting
 + Level 3.1 Short Blades
 + Level 2.5 Throwing
 * Level 3.6 Dodging
 * Level 9.5 Stealth


You had 5 spell levels left.
You didn't know any spells.
Your spell library was empty.

Dungeon Overview and Level Annotations

Branches:
Dungeon (4/15)
 Temple: D:4-7

Altars:
Fedhas
Kikubaaqudgha


Innate Abilities, Weirdness & Mutations

You are very small and have problems with some larger weapons.
You are too small for most types of armour.
You have supernaturally acute eyesight. (SInv)
You cover ground extremely quickly. (Speed+++)


Message History

The wight hits you with a +0 spear.
You feel drained.
You hit the wight but do no damage.
The wight is lightly damaged.
The wight hits you with a +0 spear!
You completely miss the wight.
The wight is lightly damaged.
You barely miss the wight.
The wight is lightly damaged.
The wight hits you with a +0 spear.
You hit the wight.
The wight is heavily damaged.
The wight closely misses you.
You barely miss the wight.
The wight is heavily damaged.
The wight hits you with a +0 spear!
* * * LOW HITPOINT WARNING * * *
You feel drained.
You hit the wight.
The wight is heavily damaged.
The wight barely misses you.
There is an escape hatch in the floor here.
You start resting.
A wight is nearby!
Found 15 gold pieces.
You now have 86 gold pieces (gained 15).
You start resting.
A wight is nearby!
You hit the wight but do no damage.
The wight is heavily damaged.
The wight completely misses you.
You barely miss the wight.
The wight is heavily damaged.
The wight hits you with a +0 spear.
* * * LOW HITPOINT WARNING * * *
You feel drained.
* * * LOW HITPOINT WARNING * * *
You hit the wight.
The wight is heavily damaged.
The wight hits you with a +0 spear.
You die...

### #.. #.# #.# #.#
#.######### #.#
#.........# #.#
#########@#####.###
........z.......#
#######
#######........##
(((.S.# ########.#
#####.#############
#.# #........z..z.#
#.# #############.#
#.# #.# #z# #.# #.#


You could see a wight.

Vanquished Creatures
  An ogre (D:2)
  A scorpion (D:4)
  A wight (D:4)
  A jelly (D:3)
  Jessica (D:2)
  4 adders
  A shadow imp (D:3)
  3 dart slugs
  4 orcs (D:3)
  8 endoplasms
  A giant cockroach (D:1)
  6 goblins
  4 hobgoblins
  4 kobolds
  2 quokkas
  10 ball pythons
  5 bats
  2 frilled lizards
  6 rats
65 creatures vanquished.

Notes
Turn   | Place    | Note
-------+----------+-------------------------------------------
     0 | D:1      | styxcanada the Spriggan Brigand began the quest for the
                  | Orb.
     0 | D:1      | Reached XP level 1. HP: 10/10 MP: 2/2
    55 | D:1      | Reached skill level 6 in Stealth
   261 | D:1      | Reached XP level 2. HP: 14/14 MP: 3/3
   896 | D:1      | Reached skill level 7 in Stealth
  1104 | D:2      | Reached XP level 3. HP: 14/18 MP: 4/4
  1140 | D:2      | Noticed an ogre
  1173 | D:2      | Killed an ogre
  1174 | D:2      | Reached skill level 8 in Stealth
  1174 | D:2      | Reached XP level 4. HP: 21/23 MP: 5/5
  1628 | D:2      | Noticed Jessica
  1633 | D:2      | Killed Jessica
  1634 | D:2      | Reached XP level 5. HP: 26/26 MP: 6/6
  2233 | D:3      | Found a faded altar of an unknown god.
  2413 | D:3      | Found an ancient bone altar of Kikubaaqudgha.
  2804 | D:3      | Found a blossoming altar of Fedhas.
  3291 | D:4      | Reached skill level 9 in Stealth
  3332 | D:4      | Reached XP level 6. HP: 30/30 MP: 7/7
  3581 | D:4      | Slain by a wight

Illustrated notes

Levels and vault maps discovered:
D:1:      kennysheep_arrival_forest, layout_basic
D:2:      layout_loops_ring, uniq_jessica
D:3:      layout_basic, fedhas_altar_2, kiku_gazebo_pond_becter,
          dreamdust_ecumenical_altar_angels_and_demons, minmay_bisected
D:4:      layout_basic

Skill      XL: |  1  2  3  4  5 |
---------------+----------------+-----
Stealth        | 6 7 8 9 |  9.5
Dodging        | 2 3 |  3.6
Fighting       | 2 |  2.3
Short Blades   | 3 |  3.1
Throwing       | |  2.5

Action                   |  1- 3 |  4- 6 || total
-------------------------+-------+-------++-------
Melee: Dagger            |    72 |   125 ||   197
Throw: Dart              |     9 |    21 ||    30
       Stone             |       |    14 ||    14
  Use: Scroll            |       |     5 ||     5
 Stab: Sleeping          |    13 |    15 ||    28
       Distracted        |       |     1 ||     1
Armor: Robe              |    15 |    18 ||    33
Dodge: Dodged            |    64 |    80 ||   144
